 Dungeon Sprint DCSS version 0.30-a0-381-g6ea064c7b4 (webtiles) character file.

Game seed: 17846058178313792503

415 rocky1 the Fighter (level 6, -1/112 HPs)
             Began as an Ogre Fighter on Dec 2, 2022.
             Was a High Priest of Cheibriados.
             Slain by a demonic crawler (8 damage)
             ... in the Dungeon (Sprint VII: "The Pits").
             The game lasted 00:01:35 (334 turns).

rocky1 the Fighter (Ogre Fighter)                    Turns: 334, Time: 00:01:36

Health: -1/112     AC:  3    Str: 35    XL:     6   Next: 92%
Magic:  10/10      EV: 11    Int: 21    God:    Cheibriados [*****.]
Gold:   0          SH: 11    Dex: 20    Spells: 5/5 levels left

rFire   . . .      SeeInvis .    a - +0 flail
rCold   . . .      Faith    .    c - +0 kite shield
rNeg    . . .      Spirit   .    b - +0 robe
rPois   .          Reflect  .    (helmet restricted)
rElec   .          Harm     .    (no cloak)
rCorr   .          Rampage  .    (gloves unavailable)
Will    .....      NoTele   +    (boots unavailable)
Stlth   ..........               (no amulet)
HPRegen 0.38/turn                (no ring)
MPRegen 0.12/turn                (no ring)

@: berserking (expiring), very slow
A: large, unfitting armour, tough skin 1
a: Renounce Religion, Bend Time, Temporal Distortion, Slouch, Step From Time


You were in the Dungeon.
You worshipped Cheibriados.
Cheibriados was extremely pleased with you.
You visited 1 branch

Inventory:

Hand Weapons
 a - a +0 flail (weapon)
Armour
 b - a +0 robe (worn)
 c - a +0 kite shield (worn)
Scrolls
 j - a scroll of blinking
 l - 5 scrolls of amnesia
 m - a scroll of summoning
Potions
 d - a potion of might
 e - 6 potions of curing
 f - 6 potions of heal wounds
 g - a potion of haste
 h - 4 potions of magic
 i - a potion of berserk rage
 k - 2 potions of invisibility


   Skills:
 + Level 9.0 Fighting
 * Level 7.4 Maces & Flails
 - Level 3.9 Dodging
 * Level 8.7 Shields
 + Level 5.6 Invocations


You had 5 spell levels left.
You didn't know any spells.
Your spell library was empty.

Dungeon Overview and Level Annotations

Branches:
Dungeon (1/1)

Altars:
Ashenzari
Cheibriados
Dithmenos
Elyvilon
Fedhas
Gozag
Hepliaklqana
Kikubaaqudgha
Makhleb
Nemelex Xobeh
Okawaru
Qazlal
Ru
Sif Muna
Trog
Uskayaw
Vehumet
Wu Jian
Xom
Yredelemnul
Zin
The Shining One
Jiyva
Lugonu


Innate Abilities, Weirdness & Mutations

You are too large for most types of armour.
You have tough skin. (AC +1)


Message History

The demonic crawler is moderately wounded.
The demonic crawler hits you.
You block the demonic crawler's attack. x2
You hit the demonic crawler but do no damage.
The demonic crawler is moderately wounded.
The demonic crawler hits you! The demonic crawler hits you.
You block the demonic crawler's attack. The demonic crawler hits you!
You block the demonic crawler's attack. The demonic crawler barely misses you.
You hit the demonic crawler.
The demonic crawler is moderately wounded.
The demonic crawler hits you but does no damage.
You block the demonic crawler's attack. x2
You hit the demonic crawler but do no damage.
The demonic crawler is moderately wounded.
You block the demonic crawler's attack. The demonic crawler hits you! x2
The demonic crawler shrieks in warning!
You hear a shout!
Something shouts, "Leave, thou dissembling rump-fed pot-faker!"
You hear a shout!
You barely miss the demonic crawler.
The demonic crawler is moderately wounded.
The demonic crawler barely misses you.
You block the demonic crawler's attack. x2
You thump the demonic crawler!
The demonic crawler is heavily wounded.
The demonic crawler closely misses you. The demonic crawler hits you!
The demonic crawler barely misses you. The demonic crawler hits you!
* * * LOW HITPOINT WARNING * * *
The demonic crawler misses you. The demonic crawler hits you.
* * * LOW HITPOINT WARNING * * *
You sock the demonic crawler!
The demonic crawler is severely wounded.
The demonic crawler hits you!
* * * LOW HITPOINT WARNING * * *
The demonic crawler barely misses you. The demonic crawler hits you.
* * * LOW HITPOINT WARNING * * *
You thump the demonic crawler!
The demonic crawler is almost dead.
You block the demonic crawler's attack. The demonic crawler hits you!
* * * LOW HITPOINT WARNING * * *
The demonic crawler hits you!
You die...

#.#........##.......#
#.#........##.......#
#'###########.......#
#.......# #########
#.###...# #†#.....#
#.#...#.#+#
#.....#)#s+
#...###.#@#
#.......'.#
###########


You could see a demonic crawler.

Vanquished Creatures
  A flying skull (D)
  A floating eye (D)
  A scorpion (D)
  A jelly (D)
  A hound (D)
  A mummy (D)
  2 gnolls (D)
  A ball python (D)
  A hobgoblin (D)
  4 jackals (D)
  2 kobolds (D)
  2 bats (D)
  A rat (D)
19 creatures vanquished.

Notes
Turn   | Place    | Note
-------+----------+-------------------------------------------
     0 | D        | rocky1 the Ogre Fighter began the quest for the Orb.
     0 | D        | Reached XP level 1. HP: 24/24 MP: 1/1
    24 | D        | Found a bloodstained altar of Trog.
    24 | D        | Found a shimmering blue altar of Sif Muna.
    24 | D        | Found a viscous altar of Jiyva.
    24 | D        | Found a hazy altar of Hepliaklqana.
    24 | D        | Found an opulent altar of Gozag.
    25 | D        | Found a glowing golden altar of the Shining One.
    25 | D        | Found a glowing silver altar of Zin.
    25 | D        | Found a basalt altar of Yredelemnul.
    25 | D        | Found a shimmering altar of Xom.
    25 | D        | Found an ornate altar of the Wu Jian Council.
    25 | D        | Found a sacrificial altar of Ru.
    25 | D        | Found a stormy altar of Qazlal.
    25 | D        | Found an iron altar of Okawaru.
    25 | D        | Found a sparkling altar of Nemelex Xobeh.
    25 | D        | Found a burning altar of Makhleb.
    25 | D        | Found a blossoming altar of Fedhas.
    25 | D        | Found a white marble altar of Elyvilon.
    25 | D        | Found a shadowy altar of Dithmenos.
    25 | D        | Found a snail-covered altar of Cheibriados.
    28 | D        | Found a corrupted altar of Lugonu.
    28 | D        | Found a radiant altar of Vehumet.
    29 | D        | Found an ancient bone altar of Kikubaaqudgha.
    29 | D        | Found a hide-covered altar of Uskayaw.
    29 | D        | Found a broken altar of Ashenzari.
    36 | D        | Became a worshipper of Cheibriados the Contemplative
    75 | D        | Reached skill level 5 in Fighting
    75 | D        | Reached XP level 2. HP: 22/35 MP: 2/2
   131 | D        | Reached * piety under Cheibriados
   139 | D        | Noticed a scorpion
   140 | D        | Noticed a floating eye
   141 | D        | Reached ** piety under Cheibriados
   142 | D        | Reached XP level 3. HP: 42/42 MP: 3/3
   143 | D        | Paralysed by a floating eye for 4 turns
   149 | D        | Killed a floating eye
   150 | D        | Reached skill level 6 in Fighting
   150 | D        | Reached XP level 4. HP: 43/53 MP: 3/6
   150 | D        | Reached XP level 5. HP: 50/61 MP: 3/7
   151 | D        | Reached skill level 7 in Fighting
   151 | D        | Reached skill level 5 in Maces & Flails
   155 | D        | Reached *** piety under Cheibriados
   166 | D        | Reached **** piety under Cheibriados
   271 | D        | Noticed a flying skull
   274 | D        | Killed a flying skull
   274 | D        | Reached ***** piety under Cheibriados
   275 | D        | Reached skill level 9 in Fighting
   275 | D        | Reached skill level 5 in Invocations
   275 | D        | Reached XP level 6. HP: 74/75 MP: 3/10
   324 | D        | Noticed a demonic crawler
   334 | D        | Slain by a demonic crawler

Illustrated notes

Levels and vault maps discovered:
D:        pitsprint [storerooms_1, entrance_room_1, metal_vault_3, armoury_2,
          mini_pit_1, grid_room_1, main_hall_1, silver_pit, the_coven_1,
          the_vestibule_1, steel_vault_3, golden_pit, hallway_of_sentries,
          crystal_vault_1, iron_vault_4, final_vault]

Skill      XL: |  1  2  3  4  5 |
---------------+----------------+-----
Dodging        | 3 |  3.9
Fighting       | 5 6 9 |  9.0
Maces & Flails | 2 4 7 |  7.4
Shields        | 4 6 8 |  8.7
Invocations    | 3 5 |  5.6

Action                   |  1- 3 |  4- 6 || total
-------------------------+-------+-------++-------
Melee: Flail             |    20 |    31 ||    51
Invok: Slouch            |       |     1 ||     1
  Use: Potion            |     1 |     1 ||     2
Armor: Robe              |    19 |    24 ||    43
Dodge: Dodged            |    10 |    31 ||    41
Block: Kite shield       |     9 |    35 ||    44

Table legend: (Time is in decaauts)
 A = Elapsed time spent in this place.
 B = Non-inter-level travel time spent in this place.
 C = Inter-level travel time spent in this place.
 D = Time resting spent in this place.
 E = Time spent auto-exploring this place.
 F = Levels seen in this place.
 G = Mean time per level.
                   A        B        C        D        E       F      G
               +--------+--------+--------+--------+--------+-----+--------+
         Total |    417 |    385 |     32 |    128 |      0 |   1 |  417.0 |
       Dungeon |    417 |    385 |     32 |    128 |      0 |   1 |  417.0 |
               +--------+--------+--------+--------+--------+-----+--------+

Top non-repeatable levels by time:
       D: 417 daAuts
